 Dungeon Crawl Stone Soup version 0.31.0-32-g396128a36d (webtiles) character file.

Game seed: 10263292416964319621

62 safid the Changeling (level 3, -1/28 HPs)
             Began as a Draconian Shapeshifter on Mar 25, 2024.
             Slain by an adder (3 damage)
             ... on level 3 of the Dungeon.
             The game lasted 00:01:39 (1433 turns).

safid the Changeling (Draconian Shapeshifter)       Turns: 1433, Time: 00:01:40

Health: -1/28      AC:  5    Str: 18    XL:     3   Next: 85%
Magic:  3/3        EV: 12    Int: 10    God:
Gold:   70         SH:  0    Dex: 10    Spells: 2/2 levels left

rFire   . .          .
                       - Unarmed
rCold   . . .        (no shield)
rNeg    . . .        (body armour unavailable)
rPois   .            (helmet currently unavailable)
rElec   .            (cloak currently unavailable)
rCorr   .            (gloves currently unavailable)
SInv    .            (boots currently unavailable)
Will    .....        (no amulet)
Stlth   +            (no ring)
HPRegen 0.24/turn    (no ring)
MPRegen 0.08/turn

%: no passive effects
@: beast-form
A: beast (slay +2), AC +5, unfitting armour, cold-blooded
a: Begin Untransformation


You were on level 3 of the Dungeon.
You were a hulking beast.
You visited 1 branch of the dungeon, and saw 3 of its levels.

You collected 70 gold pieces.

Inventory:

Missiles
 j - 6 darts of dispersal (quivered)
Talismans
 b - a beast talisman
 c - a flux talisman
Scrolls
 d - 4 scrolls of identify {unknown}
 e - a scroll of fog {unknown}
 h - 2 scrolls of fear {unknown}
 m - a scroll of enchant weapon {unknown}
Potions
 a - a potion of lignification
 f - 2 potions of degeneration {unknown}
 g - a potion of curing {unknown}
 i - a potion of invisibility {unknown}
 k - a potion of haste {unknown}
 l - 2 potions of cancellation {unknown}


   Skills:
 + Level 1.1 Fighting
 - Level 2.0 Dodging
 + Level 3.7 Unarmed Combat
 * Level 4.0 Shapeshifting


You had 2 spell levels left.
You didn't know any spells.
Your spell library contained the following spells:

 Spells                   Type           Power      Damage    Failure   Level
 Scorch                   Fire           0%         2d5       50%         2
 Ozocubu's Armour         Ice            0%         N/A       75%         3
 Flame Wave               Conj/Fire      0%         2d4       98%         4
 Metabolic Englaciation   Hex/Ice        0%         N/A       100%        5
 Sculpt Simulacrum        Ice/Alch       0%         N/A       100%        6
 Summon Cactus Giant      Summ           0%         N/A       100%        6


Dungeon Overview and Level Annotations

Branches:
Dungeon (3/15)

Altars:


Innate Abilities, Weirdness & Mutations

You are a hulking beast.
Your limbs bulge with bestial killing power. (Slay +2)
Your plain brown scales are hard. (AC +5)
You cannot fit into any form of body armour.
You are cold-blooded and may be slowed by cold attacks.


Message History

No target in view!
Found a stone staircase leading up.
You see here a +0 pair of boots.
An adder and a white imp come into view.
The white imp shouts, "Give up, thou beslubbering common-kissing bounder!"
You hear an angry hiss.
The white imp gestures at you. The puff of frost hits you.
There are monsters nearby!
Found 9 gold pieces.
A steam dragon comes into view.
The white imp gestures at you. The puff of frost hits you!
There is a stone staircase leading up here.
You are too injured to fight recklessly!
You are too injured to fight recklessly!
You are too injured to fight recklessly!
You are too injured to fight recklessly!
You are too injured to fight recklessly!
You are too injured to fight recklessly!
You are too injured to fight recklessly!
You are too injured to fight recklessly!
You are too injured to fight recklessly!
You are too injured to fight recklessly!
You are too injured to fight recklessly!
You are too injured to fight recklessly!
You are too injured to fight recklessly!
You are too injured to fight recklessly!
You are too injured to fight recklessly!
You are too injured to fight recklessly!
You are too injured to fight recklessly!
You are too injured to fight recklessly!
Unknown command.
The steam dragon hisses angrily.
The adder bites you but does no damage. The steam dragon breathes steam at you.
The ball of steam hits you!
* * * LOW HITPOINT WARNING * * *
The adder attacks as it pursues you! The adder bites you.
You die...

#.#### ##.## ...
######...# ....
.........# ....#
#####.##...# ...$.
......##...# ......
#......###
......#####......###..
......D.§§#h........#
#.....<§§S§[.......#
#.##....$###.......#
#.....# ........#
#.....#.#....#+##
#.?...#.#....# #.....#
###..# #####.# ..# #.#
..#


You could see an adder.

Vanquished Creatures
  An adder (D:3)
  2 dart slugs
  6 ball pythons
  A bat (D:1)
  3 endoplasms (D:1)
  5 giant cockroaches
  4 goblins
  4 hobgoblins
  7 kobolds
  4 quokkas
  A frilled lizard (D:1)
  5 rats
43 creatures vanquished.

Notes
Turn   | Place    | Note
-------+----------+-------------------------------------------
     0 | D:1      | safid the Draconian Shapeshifter began the quest for the
                  | Orb.
     0 | D:1      | Reached XP level 1. HP: 16/16 MP: 1/1
   107 | D:1      | Reached XP level 2. HP: 17/23 MP: 2/2
   646 | D:1      | Reached XP level 3. HP: 28/28 MP: 3/3
  1125 | D:2      | Found a faded altar of an unknown god.
  1419 | D:3      | Reached skill level 4 in Shapeshifting
  1429 | D:3      | Noticed a steam dragon
  1433 | D:3      | Slain by an adder

Illustrated notes

Levels and vault maps discovered:
D:1:      ebering_trefoil_twist, layout_loops_corners, chequers_jeans
D:2:      layout_rooms, hellmonk_ecumenical_altar_pennies_from_heaven
D:3:      layout_basic, serial_curves, eino_curves_01, eino_curves_01

Skill      XL: |  1  2  3 |
---------------+----------+-----
Dodging        | 2 |  2.0
Shapeshifting  | 4 |  4.0
Fighting       | |  1.1
Unarmed Combat | |  3.7

Action                     || total
---------------------------++-------
  Melee: Unarmed           ||   100
         Tailslap          ||     9
         Punch             ||     2
   Stab: Distracted        ||     1
         Sleeping          ||     1
 Armour: Skin              ||    49
  Dodge: Dodged            ||    60
